 Dungeon Crawl Stone Soup version 0.31-a0-801-gc67433417a (webtiles) character file.

Game seed: 15604608642558951624

304 Ivernyr the Slasher (level 6, -1/32 HPs)
             Began as a Vine Stalker Gladiator on Sept 20, 2023.
             Slain by a steam dragon (6 damage)
             ... on level 4 of the Dungeon.
             The game lasted 00:06:06 (2243 turns).

Ivernyr the Slasher (Vine Stalker Gladiator)        Turns: 2243, Time: 00:06:06

Health: -1/32      AC:  7    Str: 16    XL:     6   Next: 38%
Magic:  0/7        EV: 13    Int:  8    God:
Gold:   143        SH:  0    Dex: 18    Spells: 5/5 levels left

rFire   . . .        a - +3 falchion
rCold   . . .        (no shield)
rNeg    . . .        b - +0 leather armour
rPois   .            c - +0 helmet
rElec   .            t - +0 cloak
rCorr   .            q - +0 pair of gloves
SInv    .            l - +0 pair of boots
Will    .....        (no amulet)
Stlth   +            (no ring)
HPRegen 1.05/turn    (no ring)
MPRegen 0.10/turn

%: guardian spirit
@: no status effects
A: fangs 2, regeneration 1, magic shield, antimagic bite, no potion heal 2
a: no special abilities


You were on level 4 of the Dungeon.
You visited 1 branch of the dungeon, and saw 4 of its levels.

You collected 143 gold pieces.

Inventory:

Hand Weapons
 a - a +3 falchion (weapon)
Missiles
 d - 3 throwing nets (quivered)
 e - a javelin
Armour
 b - a +0 leather armour (worn)
 c - a +0 helmet (worn)
 l - a +0 pair of boots (worn)
 q - a +0 pair of gloves (worn)
 t - a +0 cloak (worn)
Jewellery
 n - a +6 ring of intelligence
 o - a ring of willpower
Scrolls
 f - a scroll of silence {unknown}
 i - 2 scrolls of identify {unknown}
 j - 2 scrolls of poison {unknown}
 k - a scroll of noise {unknown}
 m - a scroll of amnesia {unknown}
 p - a scroll of immolation {unknown}
 s - a scroll of fog {unknown}
Potions
 g - a potion of berserk rage {unknown}
 h - a potion of haste {unknown}
 r - a potion of curing {unknown}
 u - a potion of invisibility {unknown}


   Skills:
 + Level 3.0 Fighting
 * Level 4.5 Long Blades
 - Level 1.7 Throwing
 + Level 2.0 Armour
 + Level 3.3 Dodging


You had 5 spell levels left.
You didn't know any spells.
Your spell library contained the following spells:

 Spells                   Type           Power      Damage    Failure   Level
 Apportation              Tloc           0%         N/A       47%         1
 Summon Small Mammal      Summ           0%         N/A       47%         1
 Jinxbite                 Hex            0%         N/A       63%         2
 Call Canine Familiar     Summ           0%         N/A       85%         3
 Summon Guardian Golem    Hex/Summ       0%         N/A       85%         3
 Alistair's Intoxication  Tmut/Pois      0%         N/A       100%        5


Dungeon Overview and Level Annotations

Branches:
Dungeon (4/15)
 Temple: D:4-7

Altars:
Vehumet

Shops:
D:2 !


Innate Abilities, Weirdness & Mutations

You have extremely sharp teeth.
Your natural rate of healing is unusually fast.
When hurt, damage is shared between your health and your magic reserves.
Your bite disrupts and absorbs the magic of your enemies.
Potions cannot restore your health.


Message History

The worm is moderately wounded.
You barely miss the worm. You bite the worm. You drain its power.
The worm is heavily wounded.
The worm misses you.
You slash the worm!
You kill the worm!
You see here a worm corpse.
You see here a +0 dagger.
A steam dragon comes into view.
The steam dragon hisses angrily.
The steam dragon breathes steam at you. The ball of steam hits you!
You hear a shout!
You are engulfed in a cloud of scalding steam.
The steam dragon closely misses you. The steam dragon barely misses you.
You hit the steam dragon but do no damage.
You are engulfed in a cloud of scalding steam.
The steam dragon bites you.
The steam dragon claws you but does no damage.
You hit the steam dragon. You bite the steam dragon. You drain its power.
You feel invigorated.
The steam dragon is moderately wounded.
You are engulfed in a cloud of scalding steam.
The steam dragon bites you but does no damage.
The steam dragon claws you but does no damage.
You barely miss the steam dragon.
You bite the steam dragon, but do no damage.
The steam dragon is moderately wounded.
The steam dragon breathes steam at you. The ball of steam hits you!
You hear a shout!
You hit the steam dragon.
The steam dragon is moderately wounded.
You are engulfed in a cloud of scalding steam.
* * * LOW HITPOINT WARNING * * *
The steam dragon closely misses you. The steam dragon claws you.
* * * LOW HITPOINT WARNING * * *
The steam dragon attacks as it pursues you!
The steam dragon bites you!
You die...

.#. ..# ### #.# ..#
#.# #.###.# ......#
##### #.....# ##...
.....<#####.§§########
#.#.........§...@D...#
........###.§§######.#
#.#.#.#.# ##.#######.
#.#.#.#.# #.........
..#.#.#.####.#######.
...........#.#
#.##.#####.#.# ..##.#
#.#.# .....# #.#.#


You could see a steam dragon.

Vanquished Creatures
  2 orc priests (D:3)
  Jessica (D:3)
  Terence (D:3)
  2 orc wizards (D:3)
  3 gnolls (D:3)
  2 adders (D:2)
  4 worms
  12 orcs (D:3)
  6 ball pythons
  3 endoplasms (D:2)
  A giant cockroach (D:2)
  10 goblins
  5 hobgoblins
  4 quokkas
  3 bats
  3 frilled lizards
  7 kobolds
  9 rats
78 creatures vanquished.

Notes
Turn   | Place    | Note
-------+----------+-------------------------------------------
     0 | D:1      | Ivernyr the Vine Stalker Gladiator began the quest for the
                  | Orb.
     0 | D:1      | Reached XP level 1. HP: 11/11 MP: 2/2
   118 | D:1      | Reached XP level 2. HP: 15/15 MP: 3/3
   182 | D:1      | Reached skill level 3 in Long Blades
   804 | D:1      | Reached XP level 3. HP: 18/18 MP: 4/4
  1046 | D:2      | Found Cok Lunu's Distillery.
  1228 | D:2      | Reached skill level 1 in Armour
  1328 | D:2      | Reached XP level 4. HP: 23/23 MP: 2/5
  1468 | D:3      | Found a radiant altar of Vehumet.
  1610 | D:3      | Reached XP level 5. HP: 27/27 MP: 6/6
  1649 | D:3      | Reached skill level 4 in Long Blades
  1696 | D:3      | Found a faded altar of an unknown god.
  1826 | D:3      | Noticed Jessica
  1833 | D:3      | Noticed Terence
  1836 | D:3      | Killed Jessica
  1837 | D:3      | Reached XP level 6. HP: 30/32 MP: 5/7
  1848 | D:3      | Killed Terence
  2234 | D:4      | Noticed a steam dragon
  2243 | D:4      | Slain by a steam dragon

Illustrated notes

Levels and vault maps discovered:
D:1:      mrwooster_arrival_statue, layout_basic
D:2:      layout_rooms, serial_shops,
          nicolae_shop_temple_entry_statues_fountains
D:3:      layout_loops_cross, lemuel_tele_altar,
          shapermc_ecumenical_altar_acropolis, minmay_misc_feat_x, uniq_terence,
          uniq_jessica
D:4:      layout_loops_ring, nicolae_wu_jian_immortal_techniques, uniq_eustachio

Skill      XL: |  1  2  3  4  5  6 |
---------------+-------------------+-----
Long Blades    | 3 4 |  4.5
Fighting       | 2 3 |  3.0
Armour         | 1 2 |  2.0
Dodging        | 3 |  3.3
Throwing       | |  1.7

Action                     |  1- 3 |  4- 6 || total
---------------------------+-------+-------++-------
  Melee: Long sword        |   109 |   102 ||   211
         Punch             |     1 |     1 ||     2
         Bite              |    26 |    41 ||    67
         Falchion          |       |    25 ||    25
   Stab: Sleeping          |     3 |       ||     3
 Armour: Leather armour    |    52 |    73 ||   125
  Dodge: Dodged            |    66 |    72 ||   138

Table legend: (Time is in decaauts)
 A = Elapsed time spent in this place.
 B = Non-inter-level travel time spent in this place.
 C = Inter-level travel time spent in this place.
 D = Time resting spent in this place.
 E = Time spent auto-exploring this place.
 F = Levels seen in this place.
 G = Mean time per level.
                   A        B        C        D        E       F      G
               +--------+--------+--------+--------+--------+-----+--------+
         Total |   2293 |   2215 |     78 |      0 |   1516 |   4 |  573.2 |
       Dungeon |   2293 |   2215 |     78 |      0 |   1516 |   4 |  573.2 |
               +--------+--------+--------+--------+--------+-----+--------+

Top non-repeatable levels by time:
     D:1: 1015 daAuts
     D:3: 697 daAuts
     D:2: 479 daAuts
     D:4: 100 daAuts
